 Dungeon Crawl Stone Soup version 0.29.0-4-gdea44cf6ec (webtiles) character file.

Game seed: 2181883458632185969

3260 qw the Grappler (level 9, -2/86 (88) HPs)
             Began as a Troll Cinder Acolyte on Sept 1, 2022.
             Was a Priest of Ignis.
             Slain by a wight
             ... wielding a +0 battleaxe
              (3 damage)
             ... on level 8 of the Dungeon.
             The game lasted 00:03:11 (5999 turns).

qw the Grappler (Troll Cinder Acolyte)              Turns: 5999, Time: 00:03:11

HP:   -2/86 (88)    AC: 15    Str: 28    XL:     9   Next: 68%
MP:   9/9           EV:  9    Int: 10    God:    Ignis [***...]
Gold: 99            SH:  0    Dex:  5    Spells: 10/10 levels left

rFire   + . .      SeeInvis .     - Unarmed
rCold   . . .      Faith    .   (no shield)
rNeg    . . .      Spirit   .   a - +0 robe
rPois   .          Reflect  .   (helmet restricted)
rElec   .          Harm     .   (no cloak)
rCorr   .          Rampage  .   (gloves unavailable)
Will    .....                   (boots unavailable)
Stlth   +.........              (no amulet)
HPRegen 1.04/turn               b - +4 ring of protection
MPRegen 0.11/turn               (no ring)

@: lethally poisoned (-2 -> -3), about to teleport, fiery-armoured, lightly
drained
A: large, unfitting armour, claws 3, regeneration 1, shaggy fur 1, tough skin 1
a: Renounce Religion, Fiery Armour, Foxfire Swarm, Rising Flame


You were on level 8 of the Dungeon.
You worshipped Ignis.
Ignis was most pleased with you.
You visited 1 branch of the dungeon, and saw 8 of its levels.

You collected 384 gold pieces.
You spent 285 gold pieces at shops.


Innate Abilities, Weirdness & Mutations

You are too large for most types of armour.
You have claws for hands.
Your natural rate of healing is unusually fast.
You are covered in fur. (AC +1)
You have tough skin. (AC +1)


   Skills:
 - Level 5.0 Fighting
 + Level 2.9 Throwing
 - Level 1.6 Dodging
 - Level 12.2 Unarmed Combat
 - Level 1.0 Spellcasting
 - Level 2.1 Fire Magic


You had 10 spell levels left.
You didn't know any spells.
Your spell library contained the following spells:

 Spells                   Type           Power      Damage    Failure   Level
 Scorch                   Fire           8%         2d5       22%         2

Inventory:

Missiles
 m - a boomerang
 n - 3 large rocks (quivered)
Armour
 a - a +0 robe (worn)
Jewellery
 b - a +4 ring of protection (left claw)
 e - a ring of ice
Scrolls
 f - 2 scrolls of teleportation
 h - a scroll of brand weapon
 j - a scroll of identify
 l - a scroll of enchant armour
Potions
 c - a potion of cancellation
 d - a potion of might
 g - a potion of haste
 i - 6 potions of curing
 k - 3 potions of mutation

Dungeon Overview and Level Annotations

Branches:
Dungeon (8/15)             Temple (0/1) D:7
   Lair: D:8-11

Altars:
Hepliaklqana
Makhleb
Nemelex Xobeh
Ru
Uskayaw

Shops:
D:5 ?

Annotations:
D:7 1 runed translucent door, Crazy Yiuf


Message History

The wight hits you with a +4 dagger of freezing.
You feel drained. The wight freezes you.
5995 ||| INVOKING Fiery Armour.
A protective cloak of flame settles atop you.
You feel sick.
The wyvern bites you but does no damage.
The wight closely misses you. The wyvern barely misses you.
The wight hits you but does no damage.
The wight is burned by your cloak of flames.
The wight is lightly damaged.
You closely miss the wight. Your claw misses the wight.
The wight is lightly damaged.
You feel sick.
A killer bee comes into view.
The wight barely misses you.
The wyvern bites you but does no damage.
The wyvern is burned by your cloak of flames.
The wyvern is moderately wounded.
The wight hits you from afar with a +4 halberd.
You feel drained.
The killer bee buzzes angrily.
You mangle the wyvern!!
You kill the wyvern!
You feel sick.
You hear a shout!
The wight hits you but does no damage.
The wight is burned by your cloak of flames.
The wight is moderately damaged.
The wight closely misses you.
The wight hits you from afar with a +4 halberd!
5998 ||| READING 3 scrolls of teleportation.
As you read the scroll of teleportation, it crumbles to dust.
You feel strangely unstable.
You feel sick. The wight hits you but does no damage.
The wight is burned by your cloak of flames.
The wight is moderately damaged.
The wight hits you with a +0 battleaxe! The wight closely misses you.
5999 ||| Stepping ~*~*~tactically~*~*~ (outnumbered).
The wight attacks as you move away! The wight hits you with a +0 battleaxe.
You die... #.# #.# #.# ... #.### #.#<# . #%#.# yy.

#@#.#
.....##zz.#
.z..?.z...#
.(......#.#
####.####.#
... ..#
#.## ... #
... .....


You could see 3 wights.

Vanquished Creatures
  A boulder beetle (D:6)
  2 wyverns
  2 water moccasins
  2 orc warriors
  A sky beast (D:7)
  A black bear (D:5)
  An ice beast (D:5)
  An ogre (D:6)
  A centaur (D:7)
  A kobold brigand (D:7)
  2 necrophages
  A bullfrog (D:7)
  A gnoll sergeant (D:6)
  2 scorpions
  4 killer bees (D:8)
  3 jellies
  3 orc priests
  6 hounds
  2 gnoll boudas
  4 iguanas
  9 orc wizards
  An adder (D:3)
  7 gnolls
  A shadow imp (D:5)
  An ufetubus (D:5)
  A worm (D:3)
  3 dart slugs
  22 orcs
  3 ball pythons (D:1)
  4 bats
  5 endoplasms
  3 giant cockroaches
  6 goblins
  4 hobgoblins
  5 jackals
  A quokka (D:4)
  3 frilled lizards
  13 kobolds
  7 rats
140 creatures vanquished.

Vanquished Creatures (others)
  2 fungi (D:3)
2 creatures vanquished.

Grand Total: 142 creatures vanquished

Notes
Turn   | Place    | Note
-------+----------+-------------------------------------------
     0 | D:1      | qw the Troll Cinder Acolyte began the quest for the Orb.
     0 | D:1      | Reached XP level 1. HP: 22/22 MP: 1/1
     0 | D:1      | 0 ||| qw: Version: 0.1-a-97-g2dd2ca4
     0 | D:1      | 0 ||| qw: Game counter: 4866
     0 | D:1      | 0 ||| qw: Always use a shield: true
     0 | D:1      | 0 ||| qw: God list: Okawaru
     0 | D:1      | 0 ||| qw: Allow faded altars: false
     0 | D:1      | 0 ||| qw: Do Orc after D:15 true
     0 | D:1      | 0 ||| qw: Do second Lair branch before Depths: true
     0 | D:1      | 0 ||| qw: Lair rune preference: random
     0 | D:1      | 0 ||| qw: Plans: Normal
     0 | D:1      | 0 ||| PLANNING D:1-11
    50 | D:1      | 50 ||| Stepping ~*~*~tactically~*~*~ (stealth).
   120 | D:1      | 120 ||| Stepping ~*~*~tactically~*~*~ (stealth).
   125 | D:1      | Reached XP level 2. HP: 29/29 MP: 2/2
   171 | D:1      | 171 ||| Stepping ~*~*~tactically~*~*~ (stealth).
   206 | D:1      | 206 ||| Stepping ~*~*~tactically~*~*~ (stealth).
   305 | D:1      | Reached skill level 4 in Unarmed Combat
   335 | D:1      | 335 ||| Stepping ~*~*~tactically~*~*~ (stealth).
   365 | D:1      | Reached XP level 3. HP: 33/36 MP: 3/3
   533 | D:1      | 533 ||| Stepping ~*~*~tactically~*~*~ (outnumbered).
   706 | D:1      | 706 ||| DROPPING +6 ring of intelligence.
   707 | D:1      | 707 ||| READING scroll labelled CAARUO VOUNK.
   708 | D:1      | 708 ||| READING scroll labelled QEAJ DUNITOD.
   709 | D:1      | 709 ||| READING scroll labelled YNAELU FOLOURI.
   710 | D:1      | 710 ||| DRINKING 2 cyan potions.
   979 | D:2      | 979 ||| Stepping ~*~*~tactically~*~*~ (hiding).
   981 | D:2      | 981 ||| Stepping ~*~*~tactically~*~*~ (hiding).
  1344 | D:2      | Found a faded altar of an unknown god.
  1629 | D:2      | 1629 ||| UPGRADING to +4 ring of protection.
  1630 | D:2      | 1630 ||| READING scroll labelled EHIWKI MOTIPN.
  1649 | D:2      | 1649 ||| READING scroll labelled XAUHENWOVVY.
  1650 | D:2      | 1650 ||| READING scroll labelled SAKIFF LUQIHYC.
  1654 | D:2      | 1654 ||| DRINKING 2 white potions.
  1655 | D:2      | 1655 ||| DRINKING 2 purple potions.
  1656 | D:2      | 1656 ||| DRINKING 3 sapphire potions.
  1657 | D:2      | 1657 ||| READING 3 scrolls of identify.
  1657 | D:2      | 1657 ||| IDENTIFYING fuming green potion
  1658 | D:2      | 1658 ||| READING 2 scrolls of identify.
  1658 | D:2      | 1658 ||| IDENTIFYING glowing cyan potion
  1659 | D:2      | 1659 ||| DROPPING potion of flight.
  1660 | D:2      | 1660 ||| DROPPING potion of lignification.
  1661 | D:2      | 1661 ||| DROPPING 2 potions of brilliance.
  1726 | D:3      | Found a hide-covered altar of Uskayaw.
  1750 | D:3      | Found a burning altar of Makhleb.
  2234 | D:3      | 2234 ||| DRINKING 2 fuming black potions.
  2294 | D:4      | Reached XP level 4. HP: 44/44 MP: 4/4
  2304 | D:4      | Reached skill level 5 in Unarmed Combat
  2358 | D:4      | Noticed a necrophage
  2359 | D:4      | 2359 ||| Stepping ~*~*~tactically~*~*~ (stealth).
  2360 | D:4      | 2360 ||| Stepping ~*~*~tactically~*~*~ (stealth).
  2368 | D:4      | Killed a necrophage
  2369 | D:4      | Reached XP level 5. HP: 43/50 MP: 5/5
  2396 | D:4      | Noticed a water moccasin
  2408 | D:4      | 2408 ||| INVOKING Fiery Armour.
  2410 | D:4      | Killed a water moccasin
  2411 | D:4      | Reached skill level 6 in Unarmed Combat
  2412 | D:4      | Reached XP level 6. HP: 25/59 MP: 6/6
  2474 | D:4      | Noticed a wyvern
  2475 | D:4      | 2475 ||| Stepping ~*~*~tactically~*~*~ (stealth).
  2479 | D:4      | Killed a wyvern
  2480 | D:4      | Reached skill level 7 in Unarmed Combat
  2542 | D:4      | 2542 ||| Stepping ~*~*~tactically~*~*~ (stealth).
  2544 | D:4      | 2544 ||| Stepping ~*~*~tactically~*~*~ (stealth).
  2619 | D:4      | 2619 ||| Stepping ~*~*~tactically~*~*~ (stealth).
  2632 | D:4      | 2632 ||| FLEEEEING.
  2643 | D:4      | 2643 ||| Stepping ~*~*~tactically~*~*~ (hiding).
  2651 | D:4      | Reached skill level 8 in Unarmed Combat
  2657 | D:4      | 2657 ||| Stepping ~*~*~tactically~*~*~ (stealth).
  2661 | D:4      | 2661 ||| Stepping ~*~*~tactically~*~*~ (stealth).
  2667 | D:4      | 2667 ||| Stepping ~*~*~tactically~*~*~ (stealth).
  2854 | D:4      | Reached XP level 7. HP: 66/66 MP: 7/7
  2859 | D:4      | 2859 ||| Stepping ~*~*~tactically~*~*~ (hiding).
  2860 | D:4      | 2860 ||| Stepping ~*~*~tactically~*~*~ (hiding).
  2876 | D:4      | Reached skill level 3 in Fighting
  2897 | D:4      | Found a hazy altar of Hepliaklqana.
  2905 | D:4      | Found a sparkling altar of Nemelex Xobeh.
  3275 | D:4      | 3275 ||| READING 2 scrolls labelled PYONUV DAROW.
  3276 | D:4      | 3276 ||| READING scroll labelled HIEGAK DERGHAOG.
  3277 | D:4      | 3277 ||| READING 2 scrolls labelled JOCHEQ JIOTOE.
  3278 | D:4      | 3278 ||| READING scroll labelled XECIDERUBI.
  3279 | D:4      | 3279 ||| DROPPING scroll of amnesia.
  3280 | D:4      | 3280 ||| DROPPING scroll of noise.
  3281 | D:4      | 3281 ||| READING 4 scrolls of teleportation.
  3315 | D:5      | Entered Level 5 of the Dungeon
  3319 | D:5      | 3319 ||| STAIRDANCE
  3326 | D:5      | 3326 ||| STAIRDANCE
  3332 | D:5      | 3332 ||| STAIRDANCE
  3345 | D:5      | 3345 ||| Stepping ~*~*~tactically~*~*~ (hiding).
  3366 | D:5      | Identified the +2 short sword of the Blessed Realm {venom,
                  | +Blink rElec rC+ Dex-4}
  3456 | D:5      | Reached skill level 9 in Unarmed Combat
  3539 | D:5      | 3539 ||| Stepping ~*~*~tactically~*~*~ (stealth).
  3628 | D:5      | 3628 ||| Stepping ~*~*~tactically~*~*~ (stealth).
  3638 | D:5      | Reached skill level 1 in Dodging
  3797 | D:5      | Found Oraini's Magic Scroll Shop.
  3824 | D:5      | Found a sacrificial altar of Ru.
  3881 | D:5      | 3881 ||| Stepping ~*~*~tactically~*~*~ (hiding).
  4111 | D:5      | 4111 ||| READING 5 scrolls of teleportation.
  4164 | D:5      | 4164 ||| READING 4 scrolls of teleportation.
  4227 | D:5      | 4227 ||| READING 3 scrolls of teleportation.
  4272 | D:5      | 4272 ||| READING 2 scrolls of teleportation.
  4336 | D:5      | 4336 ||| BUYING scroll of brand weapon (123 gold).
  4336 | D:5      | Bought a scroll of brand weapon for 123 gold pieces
  4336 | D:5      | 4336 ||| BUYING scroll of enchant armour (97 gold).
  4336 | D:5      | Bought a scroll of enchant armour for 97 gold pieces
  4336 | D:5      | 4336 ||| BUYING scroll of identify (26 gold).
  4336 | D:5      | Bought a scroll of identify for 26 gold pieces
  4336 | D:5      | 4336 ||| BUYING scroll of teleportation (39 gold).
  4336 | D:5      | Bought a scroll of teleportation for 39 gold pieces
  4336 | D:5      | 4336 ||| READING 2 scrolls of identify.
  4336 | D:5      | 4336 ||| IDENTIFYING metallic puce potion
  4395 | D:6      | 4395 ||| STAIRDANCE
  4397 | D:6      | 4397 ||| STAIRDANCE
  4399 | D:5      | 4399 ||| DRINKING 5 potions of curing.
  4399 | D:5      | 4399 ||| (to cure confusion)
  4402 | D:5      | Reached XP level 8. HP: 71/75 MP: 8/8
  4403 | D:5      | 4403 ||| DRINKING 4 potions of curing.
  4403 | D:5      | 4403 ||| (to cure confusion)
  4585 | D:6      | 4585 ||| Stepping ~*~*~tactically~*~*~ (stealth).
  4587 | D:6      | 4587 ||| Stepping ~*~*~tactically~*~*~ (hiding).
  4592 | D:6      | Reached skill level 10 in Unarmed Combat
  4954 | D:6      | 4954 ||| READING 2 scrolls of teleportation.
  5083 | D:6      | Noticed a boulder beetle
  5084 | D:6      | 5084 ||| INVOKING Fiery Armour.
  5101 | D:6      | Killed a boulder beetle
  5102 | D:6      | Reached skill level 11 in Unarmed Combat
  5102 | D:6      | Reached XP level 9. HP: 32/84 MP: 9/9
  5279 | D:7      | Identified the +9 dire flail "Wuakketu" {freeze, Dex+5}
  5297 | D:7      | Reached skill level 12 in Unarmed Combat
  5319 | D:7      | Found a runed translucent door.
  5320 | D:7      | Noticed Crazy Yiuf
  5359 | D:7      | 5359 ||| Stepping ~*~*~tactically~*~*~ (stealth).
  5363 | D:7      | 5363 ||| Stepping ~*~*~tactically~*~*~ (outnumbered).
  5368 | D:7      | Found a staircase to the Ecumenical Temple.
  5375 | D:7      | 5375 ||| INVOKING Fiery Armour.
  5478 | D:7      | 5478 ||| Stepping ~*~*~tactically~*~*~ (hiding).
  5490 | D:7      | 5490 ||| INVOKING Fiery Armour.
  5500 | D:7      | 5500 ||| Stepping ~*~*~tactically~*~*~ (outnumbered).
  5505 | D:7      | 5505 ||| Stepping ~*~*~tactically~*~*~ (outnumbered).
  5593 | D:7      | 5593 ||| Stepping ~*~*~tactically~*~*~ (hiding).
  5729 | D:7      | 5729 ||| READING 4 scrolls of teleportation.
  5976 | D:8      | 5976 ||| Stepping ~*~*~tactically~*~*~ (stealth).
  5979 | D:8      | 5979 ||| Stepping ~*~*~tactically~*~*~ (stealth).
  5981 | D:8      | 5981 ||| Stepping ~*~*~tactically~*~*~ (stealth).
  5984 | D:8      | Reached skill level 1 in Throwing
  5995 | D:8      | 5995 ||| INVOKING Fiery Armour.
  5997 | D:8      | HP: 12/82 [wight/+4 halberd (13)]
  5998 | D:8      | 5998 ||| READING 3 scrolls of teleportation.
  5998 | D:8      | HP: 1/86 [wight/+0 battleaxe (11)]
  5999 | D:8      | 5999 ||| Stepping ~*~*~tactically~*~*~ (outnumbered).
  5999 | D:8      | Slain by a wight

Levels and vault maps discovered:
D:1:      eino_arrival_cavern_e, layout_rooms
D:2:      layout_basic, hellmonk_ecumenical_altar_leap_of_faith,
          nicolae_concentric_dashed_squares_mild, grunt_ministairs_13,
          minmay_misc_feat_enclosed
D:3:      layout_loops_ring, mainiacjoe_overflow_catch_the_wave
D:4:      layout_cave_pods, mainiacjoe_overflow_big_doors,
          palyth_stone_intersect, hangedman_abyss_or_decor_passed
D:5:      nicolae_cairo_tiling, layout_loops_cross,
          nicolae_ru_sacrificial_ziggurat, serial_shops,
          nicolae_inconvenience_store
D:6:      kennysheep_big_flooded_room, layout_basic,
          minmay_a_box_with_orc_wizards_in_it
D:7:      layout_rooms, minmay_temple_entry_crystal_x, uniq_crazy_yiuf_cottage
D:8:      layout_basic, gammafunk_ghost_necromancy, serial_bayou_crossing

Skill      XL: |  1  2  3  4  5  6  7  8  9 |
---------------+----------------------------+-----
Unarmed Combat | 4 5 6 8 9 11 12 | 12.2
Fighting       | 3 4 5 |  5.0
Dodging        | 1 |  1.6
Throwing       | 2 |  2.9
Spellcasting   | |  1.0
Fire Magic     | |  2.1

Action                   |  1- 3 |  4- 6 |  7- 9 || total
-------------------------+-------+-------+-------++-------
Melee: Unarmed           |   113 |    61 |   235 ||   409
       Punch             |     3 |     2 |     7 ||    12
Throw: Large rock        |       |       |     1 ||     1
Invok: Fiery Armour      |       |     1 |     4 ||     5
  Use: Scroll            |     8 |       |    13 ||    21
       Potion            |     5 |       |     2 ||     7
Armor: Robe              |    44 |    29 |    91 ||   164
Dodge: Dodged            |    42 |    21 |    84 ||   147

Table legend:
 A = Non-vault XP
 B = Vault XP
 C = Vault XP percentage of total XP
 D = Non-vault monster count
 E = Vault monster count
 F = Vault count percentage of total count
                 A         B        C        D         E       F
            +---------+---------+-------+---------+---------+-------
      Total |    3611 |    1047 |  22.5 |     132 |       8 |   5.7
            +---------+---------+-------+---------+---------+-------
        D:1 |      50 |       0 |   0.0 |      30 |       0 |   0.0
        D:2 |      15 |       6 |  28.6 |       9 |       3 |  25.0
        D:3 |      24 |       0 |   0.0 |       5 |       0 |   0.0
        D:4 |     809 |       0 |   0.0 |      25 |       0 |   0.0
        D:5 |     565 |       0 |   0.0 |      13 |       0 |   0.0
        D:6 |     858 |    1041 |  54.8 |      19 |       5 |  20.8
        D:7 |     828 |       0 |   0.0 |      26 |       0 |   0.0
        D:8 |     462 |       0 |   0.0 |       5 |       0 |   0.0
            +---------+---------+-------+---------+---------+-------
